 Dungeon Crawl Stone Soup version 0.20-a0-876-g2c7b0bf (webtiles) character file.

75588 Keepo the Spry (level 15, -3/73 HPs)
             Began as a Felid Fighter on Mar 5, 2017.
             Was a High Priest of Cheibriados.
             Slain by a cyan ugly thing (14 damage)
             ... on level 14 of the Dungeon on Mar 15, 2017.
             The game lasted 01:18:42 (30330 turns).

Keepo the Spry (Felid Fighter)                     Turns: 30330, Time: 01:18:44

Health: -3/73      AC:  9    Str: 30    XL:     15   Next: 10%
Magic:  0/37       EV: 37    Int: 25    God:    Cheibriados [*****.]
Gold:   1738       SH:  0    Dex: 35    Spells: 17/30 levels left
                                        Lives:  0   Deaths: 4

rFire    + . .     SeeInvis +     - Unarmed
rCold    + . .     Gourm    .   (armour unavailable)
rNeg     . . .     Faith    .   (shield unavailable)
rPois    .         Spirit   +   (helmet unavailable)
rElec    .         Reflect  .   (cloak unavailable)
rCorr    +         Harm     .   (gloves unavailable)
MR       ++...     Rnd*Rage +   (boots unavailable)
Stlth    ++++++....             v - amulet of guardian spirit
Regen    0.0/turn               L - ring of the Moon {rCorr rF+ Str+4}
MPRegen  0.3/turn               K - ring of magical power

@: very slightly contaminated, very slow
A: no armour, no weapons or thrown items, stealth, claws 1, fangs 3, molten
scales 1, thin metallic scales 1, yellow scales 1, see invisible, berserk 1,
carnivore 3, speed 1, screaming 2, shaggy fur 3, inhibited regeneration, slow
metabolism 1, wild magic 1, sharp paws
a: Bend Time, Temporal Distortion, Slouch, Step From Time, Renounce Religion


You were on level 14 of the Dungeon.
You worshipped Cheibriados.
Cheibriados was extremely pleased with you.
You were not hungry.

You visited 4 branches of the dungeon, and saw 24 of its levels.
You also visited: Labyrinth, Sewer and Ice Cave.

You collected 2374 gold pieces.
You spent 636 gold pieces at shops.

Inventory:

Jewellery
 q - an uncursed ring of protection from fire
 r - a cursed amulet of inaccuracy {unknown}
 v - an amulet of guardian spirit (around neck)
 I - an uncursed ring of poison resistance
 K - a ring of magical power (left paw)
 L - the ring of the Moon (right paw) {rCorr rF+ Str+4}
   (You found it on level 6 of the Lair of Beasts)

   [ring of resist corrosion]

   It affects your strength (+4).
   It protects you from fire.
 M - an uncursed ring of protection from magic
Wands
 k - a wand of digging (16/24)
 x - a wand of iceblast (2/15)
Scrolls
 a - 2 scrolls of fear
 h - 9 scrolls of remove curse
 j - 5 scrolls of fog
 o - a scroll of identify
 p - 8 scrolls of blinking
 s - a scroll of magic mapping
 w - 6 scrolls of teleportation
 E - 3 scrolls of amnesia
Potions
 c - a potion of ambrosia
 e - 3 potions of agility
 i - 8 potions of curing
 l - 4 potions of flight
 m - 3 potions of brilliance
 n - 3 potions of might
 A - a potion of cancellation
 B - 3 potions of resistance
Books
 g - a book of Air

   Spells                             Type                      Level
   a - Shock                          Conjuration/Air              1
   b - Swiftness                      Charms/Air                   2
   c - Static Discharge               Conjuration/Air              3
   d - Airstrike                      Air                          4
   e - Lightning Bolt                 Conjuration/Air              5
 y - the Catalogue of Dislocation
   (You found it in a labyrinth)

   Spells                             Type                      Level
   a - Shroud of Golubria             Charms/Translocation         2
   b - Portal Projectile              Hexes/Translocation          3
   c - Lesser Beckoning               Translocation                3
   d - Teleport Other                 Translocation                3
 N - a book of Cantrips

   Spells                             Type                      Level
   a - Confusing Touch                Hexes                        1
   b - Animate Skeleton               Necromancy                   1
   c - Summon Small Mammal            Summoning                    1
   d - Apportation                    Translocation                1
Miscellaneous
 f - a phial of floods
Comestibles
 b - 7 meat rations
 d - 7 royal jellies


   Skills:
 + Level 12.5 Fighting
 - Level 15.0 Dodging
 - Level 10.5 Stealth
 + Level 12.4 Unarmed Combat
 + Level 8.3 Spellcasting
 - Level 7.0 Conjurations
 - Level 12.1 Hexes
 - Level 7.0 Fire Magic
 - Level 10.0 Invocations


You had 17 spell levels left.
You knew the following spells:

 Your Spells              Type           Power        Failure   Level  Hunger
a - Sticky Flame          Conj/Fire      ######..     6%          4    ##.....
b - Conjure Flame         Conj/Fire      ######..     1%          3    None
c - Invisibility          Hex            #######.     12%         6    ######.


Dungeon Overview and Level Annotations

Branches:
Dungeon (15/15)            Temple (1/1) D:7            Lair (6/6) D:10
  Swamp (0/4) Lair:4       Spider (0/4) Lair:2        Slime (0/5) Lair:6
    Orc (2/2) D:12            Elf (0/3) Orc:2        Vaults (0/5) D:14
 Depths: D:15

Altars:
Ashenzari
Cheibriados
Dithmenos
Fedhas
Gozag
Kikubaaqudgha
Nemelex Xobeh
Qazlal
Vehumet
Wu Jian
Xom
Yredelemnul
Zin
The Shining One
Beogh

Shops:
D:5 %   D:8 !   D:14 *   Orc:1 ?[   Orc:2 (=:*

Annotations:
D:5 Pikel
D:8 exclusions: 4 doors and 1 more exclusion
Lair:2 exclusion: orb spider
Lair:4 exclusion: oklob plant


Innate Abilities, Weirdness & Mutations

You cannot wear armour.
You are incapable of wielding weapons or throwing items.
Your paws allow you to move quietly. (Stealth)
You have sharp claws.
You have razor-sharp teeth.
You have supernaturally acute eyesight. (SInv)
You are carnivorous and can eat meat at any time.
You cover ground quickly.
Your thick and shaggy fur keeps you warm. (AC +3, rC+)
You have a slow metabolism.
Your sharp claws are effective at attacking unaware monsters.
You are partially covered in molten scales. (AC +2)
You are partially covered in thin metallic scales. (AC +2)
You are partially covered in yellow scales. (AC +2)
You tend to lose your temper in combat.
You sometimes yell uncontrollably at your foes.
You do not regenerate when monsters are visible.
Your spells are a little harder to cast, but a little more powerful.


Message History

The cyan ugly thing is lightly wounded.
The cyan ugly thing burns!
The cyan ugly thing completely misses you.
You closely miss the cyan ugly thing.
The cyan ugly thing is moderately wounded.
The cyan ugly thing burns!
The cyan ugly thing completely misses you.
You claw the cyan ugly thing! Your claw misses the cyan ugly thing.
The cyan ugly thing is heavily wounded.
The cyan ugly thing burns!
You scratch the cyan ugly thing.
The cyan ugly thing is heavily wounded.
The cyan ugly thing completely misses you.
You scratch the cyan ugly thing but do no damage.
Your claw misses the cyan ugly thing. You bite the cyan ugly thing!
The cyan ugly thing is severely wounded.
The cyan ugly thing burns!
The cyan ugly thing trunk-slaps you.
* * * LOW HITPOINT WARNING * * *
The cyan ugly thing shocks you!
You die...

...#...#........#...........#.#..
...#...#........#|...........?...
...#####........#######++..######
...........................#.....
.........##''############..#.####
########.#..............#..#.#)÷§
.......#.#..............#..#.#)##
.......#.#.......u..(...#..#.§)#p
.<)....#.#......@.......#..#.≈)#.
.!.....#.#..............#..#.§)#.
.......#.#..............#..#.#.##
.......#.#..............#..#.#...
.......#.#........#'#####..#.####
.#######)#........#........#).§§.
##......)#........#........####≈≈
.........#........#).............
......}..#'########..............


You could see a cyan ugly thing (burning).

Vanquished Creatures
  The ghost of Toogi the Warrior, an adept DsGl of Okawaru (Orc:2)
  An orc warlord (Orc:2)
  Nessos (Lair:6)
  The ghost of krfreak the Destroyer, a journeyman KoWz of Sif Muna (Lair:6)
  Snorg (Lair:6)
  An ogre mage (Orc:2)
  A minotaur (Lab)
  6 hydras
  A merfolk avatar (Lair:6)
  2 orc high priests (Orc:2)
  8 two-headed ogres
  4 tengu warriors
  9 death yaks (Lair:6)
  A sea snake (Lair:6)
  8 hell knights (D:14)
  2 unseen horrors
  A wizard (D:15)
  2 necromancers (D:14)
  A harpy (Lair:6)
  6 orc knights
  6 ugly things
  2 deep elf magi
  3 orc sorcerers
  19 elephants
  An ice statue (D:9)
  A cyclops (D:13)
  A manticore (D:14)
  3 black mambas
  Psyche (D:8)
  19 spiny frogs
  2 gargoyles
  A torpor snail (Lair:4)
  10 komodo dragons
  A yaktaur (shapeshifter) (D:14)
  3 rime drakes
  A freezing wraith (D:15)
  A tengu conjurer (D:14)
  7 trolls
  2 hornets
  A polar bear (Lair:6)
  2 wind drakes (Lair:6)
  A minotaur skeleton (Lab)
  14 slime creatures
  24 blink frogs
  18 dream sheep
  14 hippogriffs
  2 shadows
  5 wyverns
  25 yaks
  A vampire (D:14)
  4 basilisks
  Grum (D:8)
  The ghost of aves the Chopper, an amateur DsFi (D:4)
  6 vampire mosquitoes (D:14)
  2 hungry ghosts
  A steam dragon (D:12)
  19 wargs
  3 soldier ants
  An acid dragon (Orc:1)
  7 hell hounds (D:14)
  9 water moccasins
  8 porcupines
  7 sky beasts
  An ice beast (D:13)
  41 orc warriors
  3 phantoms
  A necrophage (D:11)
  5 boggarts (D:15)
  18 ogres
  13 crocodiles
  12 wolves
  4 centaurs
  2 big kobolds
  13 bullfrogs
  A gnoll sergeant (D:9)
  5 scorpions
  A wyvern skeleton (D:8)
  4 wights
  10 killer bees
  3 howler monkeys
  5 crimson imps
  A quasit (D:6)
  2 bullfrog zombies
  2 jellies
  7 centaur skeletons
  7 hounds
  26 orc priests
  A bullfrog skeleton (D:4)
  Terence (D:2)
  An iguana (D:7)
  33 orc wizards
  7 worker ants
  A hound zombie (D:5)
  A hound skeleton (D:5)
  15 adders
  13 gnolls
  2 shadow imps
  18 white imps
  4 ufetubi (IceCv)
  An ooze (Sewer)
  An adder zombie (D:9)
  5 worms
  A dart slug (D:1)
  4 leopard geckos
  134 orcs
  7 ball pythons
  6 giant cockroaches
  9 goblins
  8 hobgoblins
  16 jackals
  6 quokkas
  9 bats
  9 frilled lizards
  A jackal zombie (D:6)
  18 kobolds
  2 quokka skeletons
  13 rats
  A butterfly (D:7)
853 creatures vanquished.

Vanquished Creatures (collateral kills)
  A lindwurm (Lair:5)
1 creature vanquished.

Vanquished Creatures (others)
  4 white imps (IceCv)
  3 ufetubi (IceCv)
  5 orcs
  A bush (Lair:6)
  23 fungi
  35 plants
71 creatures vanquished.

Grand Total: 925 creatures vanquished

Notes
Turn   | Place    | Note
-------+----------+-------------------------------------------
     0 | D:1      | Keepo the Felid Fighter began the quest for the Orb.
     0 | D:1      | Reached XP level 1. HP: 10/10 MP: 2/2
   227 | D:1      | Reached XP level 2. HP: 14/14 MP: 3/3
   958 | D:1      | Reached XP level 3. HP: 17/17 MP: 4/4
  1005 | D:1      | Reached skill level 5 in Dodging
  1202 | D:2      | Found a shadowy altar of Dithmenos.
  1224 | D:2      | Noticed Terence
  1232 | D:2      | Killed Terence
  1232 | D:2      | Reached skill level 1 in Stealth
  1232 | D:2      | Reached XP level 4. HP: 21/21 MP: 5/5
  2485 | D:3      | Reached skill level 6 in Dodging
  2610 | D:3      | Reached XP level 5. HP: 24/24 MP: 6/6
  2782 | D:4      | Noticed aves's ghost (amateur DsFi)
  2954 | D:4      | Noticed an ogre
  2970 | D:3      | Slain by an ogre
  2971 | D:3      | Reached XP level 4. HP: 0/22 MP: 5/5
  3013 | D:3      | Killed an ogre
  3013 | D:3      | Reached XP level 5. HP: 3/25 MP: 6/6
  3336 | D:4      | Reached skill level 5 in Unarmed Combat
  3371 | D:4      | Reached skill level 7 in Dodging
  3371 | D:4      | Gained mutation: You are covered in thick fur. (AC +2) [Felid growth]
  3371 | D:4      | Reached XP level 6. HP: 11/28 MP: 7/7
  3688 | D:4      | Killed aves's ghost
  4024 | D:4      | Reached XP level 7. HP: 28/33 MP: 8/8
  4269 | D:4      | Found a glowing silver altar of Zin.
  4455 | D:5      | Entered Level 5 of the Dungeon
  4499 | D:5      | Reached skill level 8 in Dodging
  4519 | D:5      | Found Vebidan's Food Boutique.
  4815 | D:5      | Found a glowing drain.
  4841 | Sewer    | Entered a sewer
  5132 | Sewer    | Learned a level 4 spell: Sticky Flame
  5238 | D:5      | Gained mutation: You occasionally shout uncontrollably at your foes. [mutagenic meat]
  5239 | D:5      | Gained mutation: You do not regenerate when monsters are visible. [mutagenic meat]
  5241 | D:5      | Gained mutation: Your thick and shaggy fur keeps you warm. (AC +3, rC+) [mutagenic meat]
  5242 | D:5      | Gained mutation: You sometimes yell uncontrollably at your foes. [mutagenic meat]
  5263 | D:5      | Reached skill level 5 in Stealth
  5729 | D:5      | Noticed Pikel
  5763 | D:5      | Found a glowing golden altar of the Shining One.
  5857 | D:5      | Reached skill level 5 in Fighting
  5857 | D:5      | Reached skill level 9 in Dodging
  6198 | D:5      | Reached XP level 8. HP: 34/37 MP: 9/9
  6830 | D:6      | Found a shimmering altar of Xom.
  6837 | D:6      | Found a shimmering altar of Xom.
  6885 | D:6      | Found a shimmering altar of Xom.
  6885 | D:6      | Found a shimmering altar of Xom.
  7046 | D:6      | Gained mutation: You are partially covered in molten scales. (AC +2) [mutagenic meat]
  7047 | D:6      | Gained mutation: Your spells are a little harder to cast, but a little more powerful. [mutagenic meat]
  7049 | D:6      | Gained mutation: You are partially covered in thin metallic scales. (AC +2) [mutagenic meat]
  7156 | D:6      | Reached skill level 1 in Fire Magic
  7310 | D:7      | Found a staircase to the Ecumenical Temple.
  7327 | D:7      | Reached skill level 1 in Conjurations
  7334 | Temple   | Entered the Ecumenical Temple
  7355 | Temple   | Became a worshipper of Cheibriados the Contemplative
  7771 | D:8      | Reached skill level 10 in Dodging
  7799 | D:8      | Reached XP level 9. HP: 25/41 MP: 6/10
  7944 | D:8      | Noticed a troll
  7971 | D:8      | Noticed Grum
  8137 | D:8      | Reached * piety under Cheibriados
  8345 | D:8      | Killed a troll
  8576 | D:8      | Noticed a two-headed ogre
  8590 | D:8      | HP: 1/41 [wyvern skeleton (12)]
  8591 | D:8      | Killed a two-headed ogre
  8591 | D:8      | Reached skill level 10 in Stealth
  8682 | D:8      | Noticed a two-headed ogre
  8707 | D:8      | Killed a two-headed ogre
  8707 | D:8      | Reached skill level 5 in Conjurations
  8707 | D:8      | Reached skill level 5 in Fire Magic
  8707 | D:8      | Reached XP level 10. HP: 24/45 MP: 5/11
  8914 | D:8      | Noticed Psyche
  8932 | D:8      | Killed Psyche
  8932 | D:8      | Reached skill level 1 in Spellcasting
  8993 | D:8      | Killed Grum
  9205 | D:8      | Found Uzemninero's Distillery.
  9522 | D:8      | Reached ** piety under Cheibriados
  9545 | D:8      | Found an ancient bone altar of Kikubaaqudgha.
  9545 | D:8      | Found an opulent altar of Gozag.
  9547 | D:8      | Found a stormy altar of Qazlal.
  9650 | D:9      | Noticed an ice statue
 10489 | D:9      | Killed an ice statue
 10491 | D:9      | Got an ancient gossamer ring
 10842 | D:9      | Slain by a yak
 10843 | D:9      | Reached XP level 9. HP: 0/41 MP: 0/15
 11303 | D:10     | Entered Level 10 of the Dungeon
 11353 | D:10     | Reached *** piety under Cheibriados
 11489 | D:10     | Noticed a troll
 11497 | D:10     | Killed a troll
 11497 | D:10     | Reached XP level 10. HP: 28/45 MP: 6/16
 11762 | D:10     | Identified the ring of Gaupsar {Fire Str+3} (You found it on level 9 of the Dungeon)
 12109 | D:10     | Found a staircase to the Lair.
 12846 | D:11     | Reached skill level 1 in Invocations
 12893 | D:11     | Noticed a white ugly thing
 13219 | D:11     | Noticed a two-headed ogre
 13227 | D:11     | Killed a two-headed ogre
 13227 | D:11     | Reached skill level 5 in Spellcasting
 13250 | D:11     | Killed a white ugly thing
 13254 | D:11     | Gained mutation: You are partially covered in yellow scales. (AC +2) [mutagenic meat]
 13381 | D:11     | Reached **** piety under Cheibriados
 13657 | Lair:1   | Entered Level 1 of the Lair of Beasts
 13761 | Lair:1   | Reached XP level 11. HP: 49/49 MP: 19/19
 14289 | Lair:2   | Learned a level 3 spell: Conjure Flame
 14306 | Lair:2   | Found a hole to the Spider Nest.
 14306 | Lair:2   | Noticed an orb spider
 14369 | Lair:2   | Noticed a seven-headed hydra
 14382 | Lair:2   | Mangled by a seven-headed hydra
 14383 | Lair:2   | Reached XP level 10. HP: -9/46 MP: 0/18
 14383 | Lair:2   | Noticed a spiny frog
 14383 | Lair:2   | Killed a seven-headed hydra
 14383 | Lair:2   | Reached skill level 11 in Dodging
 14392 | Lair:2   | Killed a spiny frog
 14520 | Lair:2   | Noticed a black mamba
 14529 | Lair:2   | Killed a black mamba
 14967 | Lair:3   | Noticed a black mamba
 14970 | Lair:3   | Killed a black mamba
 14975 | Lair:3   | Reached skill level 5 in Invocations
 15003 | Lair:3   | Noticed a spiny frog
 15013 | Lair:3   | Killed a spiny frog
 15227 | Lair:3   | Found a labyrinth entrance.
 15236 | Lab      | Entered a labyrinth
 15320 | Lab      | Reached XP level 11. HP: 49/50 MP: 19/19
 15620 | Lab      | Noticed a minotaur
 15636 | Lab      | Killed a minotaur
 15837 | Lab      | Identified the Catalogue of Dislocation
 16557 | Lair:3   | Learned a level 6 spell: Invisibility
 16632 | Lair:4   | Found a staircase to the Swamp.
 16638 | Lair:4   | Noticed a six-headed hydra
 16639 | Lair:4   | Noticed an oklob plant
 16661 | Lair:4   | Noticed a five-headed hydra
 16677 | Lair:4   | Killed a five-headed hydra
 16677 | Lair:4   | Reached skill level 12 in Dodging
 16897 | Lair:4   | Reached skill level 1 in Hexes
 16901 | Lair:4   | Killed a six-headed hydra
 17524 | Lair:4   | Reached skill level 5 in Hexes
 17695 | Lair:5   | Noticed a lindwurm
 17705 | Lair:5   | Killed a lindwurm
 17992 | Lair:5   | Mutation became permanent: Your thick and shaggy fur keeps you warm. (AC +3, rC+) [Felid growth]
 17992 | Lair:5   | Reached XP level 12. HP: 55/55 MP: 11/20
 18240 | Lair:5   | Noticed a seven-headed hydra
 18260 | Lair:5   | Killed a seven-headed hydra
 18542 | Lair:5   | Reached ***** piety under Cheibriados
 18702 | Lair:6   | Entered Level 6 of the Lair of Beasts
 18702 | Lair:6   | Noticed an eight-headed hydra
 18807 | Lair:6   | Noticed Snorg
 19122 | Lair:6   | Noticed Nessos
 19128 | Lair:6   | Killed Nessos
 19128 | Lair:6   | Reached skill level 10 in Hexes
 19616 | Lair:5   | Reached skill level 10 in Invocations
 19915 | Lair:6   | Killed Snorg
 19915 | Lair:6   | Reached XP level 13. HP: 45/58 MP: 4/21
 21029 | Lair:6   | Reached skill level 13 in Dodging
 21231 | Lair:6   | Found a staircase to the Slime Pits.
 21428 | Lair:6   | Noticed krfreak's ghost (journeyman KoWz)
 22277 | Lair:6   | Reached XP level 14. HP: 33/65 MP: 3/22
 22285 | Lair:6   | Slain by a death yak
 22286 | Lair:6   | Reached XP level 13. HP: 0/61 MP: 0/21
 22286 | Lair:6   | Reached skill level 10 in Fighting
 22409 | Lair:6   | Got a scorched lapis lazuli ring
 22434 | Lair:6   | Killed krfreak's ghost
 22434 | Lair:6   | Reached skill level 14 in Dodging
 22434 | Lair:6   | Reached skill level 10 in Unarmed Combat
 22787 | Lair:6   | Identified the ring of the Moon {rCorr rF+ Str+4} (You found it on level 6 of the Lair of Beasts)
 24124 | D:12     | Found a staircase to the Orcish Mines.
 24176 | Orc:1    | Entered Level 1 of the Orcish Mines
 24184 | Orc:1    | HP: 3/62 [two-headed ogre/giant club (3)]
 24215 | Orc:1    | Gained mutation: You tend to lose your temper in combat. [mutagenic glow]
 24604 | Orc:1    | Found Diodayny's Magic Scroll Shop.
 24612 | Orc:1    | Bought a scroll of fear for 59 gold pieces
 24612 | Orc:1    | Bought a scroll of blinking for 127 gold pieces
 24612 | Orc:1    | Bought a scroll of teleportation for 51 gold pieces
 24685 | Orc:1    | Found Hackomoa's Antique Armour Shop.
 24868 | Orc:2    | Entered Level 2 of the Orcish Mines
 24868 | Orc:2    | Noticed Toogi's ghost (adept DsGl)
 24879 | Orc:2    | Killed Toogi's ghost
 25807 | Orc:2    | Found a staircase to the Elven Halls.
 26168 | Orc:2    | Reached ****** piety under Cheibriados
 26185 | Orc:2    | Noticed an orc warlord
 26194 | Orc:2    | Reached skill level 15 in Dodging
 26359 | Orc:2    | Killed an orc warlord
 26359 | Orc:2    | Reached XP level 14. HP: 67/67 MP: 20/23
 26360 | Orc:2    | Found Eneamoha's Antique Weapon Boutique.
 26362 | Orc:2    | Found a roughly hewn altar of Beogh.
 26369 | Orc:2    | Found Nebigh's Antique Armour Shop.
 26478 | Orc:2    | Found Tugiem's Tempting Trifles.
 26652 | Orc:2    | Found Orghuqu's Jewellery Emporium.
 26721 | Orc:2    | Found a roughly hewn altar of Beogh.
 26794 | Orc:2    | Found a roughly hewn altar of Beogh.
 26809 | Orc:2    | Found Jiuniamm's Book Boutique.
 26966 | D:13     | Found a frozen archway.
 27001 | IceCv    | Entered an ice cave
 28191 | D:14     | Found Hiunuoj's Assorted Antiques.
 28228 | D:14     | Bought a scroll of identify for 62 gold pieces
 28228 | D:14     | Bought a scroll labeled YSMIHA NIST for 31 gold pieces
 28228 | D:14     | Bought a scroll labeled KUOHAU DITYLIBB for 31 gold pieces
 28228 | D:14     | Bought a scroll of teleportation for 93 gold pieces
 28228 | D:14     | Bought an emerald potion for 27 gold pieces
 28228 | D:14     | Bought a scroll of identify for 62 gold pieces
 28228 | D:14     | Bought a scroll of teleportation for 93 gold pieces
 28903 | D:14     | Found a gate to the Vaults.
 30103 | D:15     | Entered Level 15 of the Dungeon
 30230 | D:15     | Reached XP level 15. HP: 73/73 MP: 28/28
 30311 | D:15     | Upgraded the game from 0.20-a0-823-gdec668e to 0.20-a0-876-g2c7b0bf
 30330 | D:14     | Slain by a cyan ugly thing

Vault maps used:
D:1:      shiori_arrival_maze, kennysheep_doodads, minivault_14
D:2:      nicolae_dithmenos_shadow_blocks, uniq_terence
D:4:      lemuel_crystal_altar, first_bread, hex_medium
D:5:      nicolae_overflow_hidden_temple, portal_sewer_entry_e, serial_shops,
          shop, uniq_pikel
D:6:      lemuel_ice_spiral_2, xom_redecorated
D:7:      minmay_temple_entry_butterflies
D:8:      minitemple, serial_shops, shop, hangedman_ranch, uniq_psyche,
          uniq_grum
D:9:      serial_bayou, serial_bayou_pond_c, serial_bayou_shore_b,
          serial_bayou_pond_a, serial_bayou_pond_d, minivault_15
D:10:     lair_entry_dummy, hangedman_abyss_or_decor_clamps
D:11:     hangedman_abyss_or_decor_lesser_grid
D:12:     hiddenorc2_lemuel, hive_lemuel
D:13:     portal_ice_cave_entry_imps, minmay_misc_feat_room
D:14:     lemuel_castle_with_subvaults, david_vaults_1, serial_shops,
          nicolae_shop_crystal, minmay_rotating_lava
D:15:     grunt_enter_depths_giant_problem, minmay_door_square
Temple:   nicolae_temple_elliptical
Lair:2:   nicolae_spider_entry_orb_guardian
Lair:3:   lab_entry_generic, serial_bayou_shore_b, grunt_megastairs_2
Lair:4:   swamp_mist_pool
Lair:5:   beast_lair_carwin_6
Lair:6:   gammafunk_lair_ancient_temple, dpeg_slime_entry_corner, uniq_nessos,
          uniq_snorg
Orc:1:    serial_shops, shop, nicolae_shop_crystal
Orc:2:    grunt_orc_community_town_hall, grunt_orc_community_big_house_1,
          grunt_orc_community_big_house_2, grunt_orc_community_house_3,
          grunt_orc_community_house_3, grunt_orc_community_house_1,
          grunt_orc_community_house_1, grunt_orc_community_house_2,
          serial_shops, nicolae_shop_stone, nicolae_alphabet_shops,
          nicolae_orc_bridge_out, mines4_lemuel
Lab:      nicolae_lab_dead_adventurers, nicolae_lab_dead_end,
          nicolae_lab_diamond, nicolae_lab_big_swirl, nicolae_lab_statue
Sewer:    sewer_co_15_rooms
IceCv:    ice_cave_small_demon

Skill      XL: |  1  2  3  4  5  6  7  8  9 10 11 12 13 14 |
---------------+-------------------------------------------+-----
Dodging        | 5 6 7 9 10 11 12 15 | 15.0
Stealth        | 1 2 3 4 5 7 10 | 10.5
Fighting       | 4 5 6 7 8 11 12 | 12.5
Unarmed Combat | 5 6 7 8 11 12 | 12.4
Fire Magic     | 2 5 7 |  7.0
Conjurations   | 2 5 7 |  7.0
Spellcasting   | 5 8 |  8.3
Invocations    | 5 8 10 | 10.0
Hexes          | 6 11 12 | 12.1

Action                   |  1- 3 |  4- 6 |  7- 9 | 10-12 | 13-15 || total
-------------------------+-------+-------+-------+-------+-------++-------
Melee: Unarmed           |    75 |   196 |   500 |   521 |   986 ||  2278
       Bite              |     3 |    13 |    64 |   118 |   216 ||   414
       Punch             |     2 |     3 |    13 |    32 |    92 ||   142
 Cast: Sticky Flame      |       |       |     1 |    85 |   133 ||   219
       Conjure Flame     |       |       |       |     9 |     9 ||    18
       Invisibility      |       |       |       |     1 |    15 ||    16
Invok: Slouch            |       |       |       |     5 |    15 ||    20
       Temporal Distorti |       |       |       |     1 |       ||     1
       Step From Time    |       |       |       |       |     1 ||     1
Evoke: Wand              |       |       |     2 |     6 |     5 ||    13
       Phial of floods   |       |       |       |     2 |     1 ||     3
  Use: Scroll            |     4 |     4 |     8 |    11 |    14 ||    41
       Potion            |       |     1 |     4 |     7 |     7 ||    19
 Stab: Sleeping          |     7 |     9 |    14 |    31 |    21 ||    82
       Distracted        |       |     1 |       |     1 |     4 ||     6
       Invisible         |       |       |       |     2 |    70 ||    72
  Eat: Chunk             |     8 |     7 |    30 |    29 |    45 ||   119
       Royal jelly       |       |       |       |     1 |       ||     1
Armor: Skin              |     6 |     7 |    33 |    43 |    67 ||   156
Dodge: Dodged            |    51 |   135 |   511 |   839 |  1263 ||  2799
Block: Other             |       |       |       |     4 |       ||     4
